 Dungeon Crawl Stone Soup version 0.31-a0-1388-g4b2ba238e7 (webtiles) character file.

Game seed: 15721082751580947106

8438 BigPumpCobain the Grappler (level 11, -7/92 (101) HPs)
             Began as a Purple Draconian Shapeshifter on Dec 25, 2023.
             Was an Elder of Wu Jian.
             Mangled by Urug
             ... wielding a +2 great mace of draining
              (21 damage)
             ... on level 10 of the Dungeon.
             The game lasted 00:27:28 (11799 turns).

BigPumpCobain the Grappler (DrSh)                  Turns: 11799, Time: 00:27:29

HP:   -7/92 (101)   AC:  7    Str: 21    XL:     11   Next: 9%
MP:   11/11         EV: 12    Int: 11    God:    Wu Jian [****..]
Gold: 604           SH:  0    Dex: 10    Spells: 10/10 levels left

rFire   . .          .
                       - Unarmed
rCold   . . .        (no shield)
rNeg    . . .        (body armour unavailable)
rPois   .            (helmet currently unavailable)
rElec   .            (cloak currently unavailable)
rCorr   .            (gloves currently unavailable)
SInv    .            (boots currently unavailable)
Will    +....        (no amulet)
Stlth   +            (no ring)
HPRegen 0.35/turn    (no ring)
MPRegen 0.12/turn

%: no passive effects
@: about to teleport, short of breath, beast-form, drained
A: beast (slay +4), breathe power, AC +7, unfitting armour, cold-blooded
a: Breathe Dispelling Energy, Begin Untransformation, Renounce Religion, Wall
Jump, Serpent's Lash


You were on level 10 of the Dungeon.
You worshipped Wu Jian.
Wu Jian was greatly pleased with you.
You were a hulking beast.
You visited 1 branch of the dungeon, and saw 10 of its levels.

You collected 604 gold pieces.

Inventory:

Hand Weapons
 o - a +3 dagger of speed
 r - a +2 flail of protection
 w - a +1 whip of venom
Missiles
 J - 2 throwing nets
Armour
 F - a +0 pair of gloves
Jewellery
 u - a ring of fire
 C - an amulet of magic regeneration
 N - the ring "Cyqoerr" {rElec rF+++ Will- AC+4 Stlth+}
   (You took it off an orc wizard on level 9 of the Dungeon)

   [ring of protection]

   AC+4:      It affects your AC (+4).
   rF+++:     It renders you almost immune to fire.
   rElec:     It insulates you from electricity.
   Will-:     It decreases your willpower.
   Stlth+:    It makes you more stealthy.
Talismans
 b - a beast talisman
 c - a flux talisman
 y - a maw talisman
Wands
 g - a wand of iceblast (13)
 s - a wand of polymorph (8)
 x - a wand of digging (7)
 A - a wand of mindburst (9)
 G - a wand of charming (14)
Scrolls
 a - 2 scrolls of fear
 f - 3 scrolls of teleportation
 j - 5 scrolls of enchant weapon
 k - a scroll of noise {unknown}
 l - 3 scrolls of blinking {unknown}
 p - 2 scrolls of fog
 v - a scroll of poison {unknown}
 D - 2 scrolls of amnesia {unknown}
 I - a scroll of silence {unknown}
 K - 2 scrolls of enchant armour {unknown}
 M - a scroll of immolation {unknown}
Potions
 d - 3 potions of heal wounds
 e - 5 potions of curing
 h - 2 potions of invisibility
 i - 2 potions of mutation
 m - 4 potions of degeneration
 n - a potion of brilliance {unknown}
 q - a potion of resistance {unknown}
 t - a potion of ambrosia {unknown}
 z - 2 potions of haste {unknown}
 B - 2 potions of attraction {unknown}
 E - a potion of might {unknown}
 H - a potion of lignification
 L - 2 potions of enlightenment {unknown}


   Skills:
 + Level 10.3 Fighting
 - Level 1.7 Dodging
 + Level 11.6 Unarmed Combat
 + Level 9.1 Shapeshifting


You had 10 spell levels left.
You didn't know any spells.
Your spell library contained the following spells:

 Spells                   Type           Power      Damage    Failure   Level
 Magic Dart               Conj           0%         1d3       34%         1
 Sting                    Conj/Alch      0%         1d3       34%         1
 Blink                    Tloc           0%         N/A       47%         2
 Call Imp                 Summ           0%         N/A       47%         2
 Jinxbite                 Hex            0%         N/A       47%         2
 Lesser Beckoning         Tloc           0%         N/A       47%         2
 Mercury Vapours          Alch/Air       0%         N/A       47%         2
 Searing Ray              Conj           0%         2d4       47%         2
 Gell's Gravitas          Tloc           0%         N/A       71%         3
 Mephitic Cloud           Conj/Alch/Air  0%         N/A       71%         3
 Summon Guardian Golem    Hex/Summ       0%         N/A       71%         3
 Teleport Other           Tloc           0%         N/A       71%         3
 Tukima's Dance           Hex            0%         N/A       71%         3
 Anguish                  Hex/Necr       0%         N/A       98%         4
 Dimensional Bullseye     Hex/Tloc       0%         N/A       98%         4
 Fulminant Prism          Conj/Alch      0%         3d5       98%         4
 Iskenderun's Mystic Bla  Conj/Tloc      0%         2d3       98%         4
 Manifold Assault         Tloc           0%         N/A       98%         4
 Olgreb's Toxic Radiance  Alch           0%         N/A       98%         4
 Agony                    Necr           0%         N/A       100%        5
 Freezing Cloud           Conj/Ice/Air   0%         6-21      100%        5
 Yara's Violent Unravell  Hex/Alch       0%         3d3       100%        5
 Dispersal                Tloc           0%         N/A       100%        6
 Simulacrum               Ice/Necr       0%         N/A       100%        6
 Enfeeble                 Hex            0%         N/A       100%        7
 Orb of Destruction       Conj           0%         9d5       100%        7
 Spellforged Servitor     Conj/Summ      0%         N/A       100%        7
 Disjunction              Tloc           0%         N/A       100%        8


Dungeon Overview and Level Annotations

Branches:
Dungeon (10/15)            Temple (0/1) D:4             Orc (0/2) D:9
   Lair: D:8-11

Altars:
Cheibriados
Dithmenos
Fedhas
Gozag
Nemelex Xobeh
Trog
Vehumet
Wu Jian
Yredelemnul
The Shining One

Shops:
D:3 [   D:4 [   D:7 **

Annotations:
D:3 4 runed translucent doors, Crazy Yiuf; Curundu's ghost, amateur MiBe; jestert79's ghost, amateur KoHu
D:10 Urug


Innate Abilities, Weirdness & Mutations

You are a hulking beast.
Your limbs bulge with bestial killing power. (Slay +4)
You can breathe bolts of dispelling energy.
Your rich purple scales are hard. (AC +7)
You cannot fit into any form of body armour.
You are cold-blooded and may be slowed by cold attacks.


Message History

Press: ? - help, Shift-Dir - straight line, f - yak
Aim: a yak (71% to hit)
You breathe a bolt of dispelling energy.
The bolt of dispelling energy hits the yak!
The yak is lightly wounded.
A yak comes into view.
The yak bellows!
You hear a bellow!
Urug the Orcish Ballista comes into view.
She is wielding a +2 great mace of draining.
The yak moves out of view.
A yak comes into view.
You lunge at the yak, in a flurry of attacks.
You pummel the yak!! You tail-slap the yak. Your punch misses the yak.
The yak is almost dead.
You pummel the yak!!
You kill the yak!
The Council accepts your kill.
A yak comes into view.
You lunge at Urug.
You barely miss Urug. You tail-slap Urug, but do no damage.
Urug hits you with a +2 great mace of draining!!
You feel drained.
You hear a bellow!
You see here a yak corpse.
As you read the scroll of teleportation, it crumbles to dust.
You feel strangely unstable.
Urug hits you with a +2 great mace of draining!!
You feel drained. The yak gores you but does no damage.
You hit Urug but do no damage. Urug barely misses you. The yak gores you!
* * * LOW HITPOINT WARNING * * *
A yak comes into view.
You hit Urug but do no damage. You tail-slap Urug.
Urug is lightly wounded.
Urug closely misses you. The yak gores you!
* * * LOW HITPOINT WARNING * * *
You punch Urug!
Urug is moderately wounded.
You hit Urug but do no damage.
Urug is moderately wounded.
Urug hits you with a +2 great mace of draining!!
You die...
Urug screams, "Revenge at last!"

. ... ###### ....Y##########
.....# #Yoh......# .....#
#.Y#...#..# .....#
#..#...#..# .....#
#.........# .....#
##+#######'##########
.....####.....#.....'.......#
..............#.....#.......#
###...........#.....#.......#
..............#############.#


You could see Urug and 3 yaks.

Vanquished Creatures
  Harold (D:10)
  Pikel (D:5)
  Maggie (D:7)
  Psyche (D:9)
  3 red devils (D:8)
  A hornet (D:7)
  Prince Ribbit (D:5)
  Grinder (D:3)
  A vampire (D:9)
  6 yaks
  A wyvern (D:7)
  Eustachio (D:5)
  A steam dragon (D:6)
  The ghost of MisterAzrael the Magician, an amateur DjFE (D:4)
  2 water moccasins
  6 orc warriors
  2 sky beasts
  2 black bears (D:7)
  An ice beast (D:6)
  2 ogres
  3 centaurs
  2 phantoms
  A kobold brigand (D:8)
  A bullfrog (D:7)
  5 scorpions
  2 gnoll sergeants (D:8)
  3 wights (D:8)
  A jelly (D:5)
  6 killer bees (D:9)
  2 electric eels (D:6)
  2 bombardier beetles (D:6)
  2 gnoll boudas
  3 orc priests
  A sleepcap (D:6)
  4 hounds
  Terence (D:3)
  9 iguanas
  9 orc wizards
  A mummy (D:8)
  18 gnolls
  7 adders
  A white imp (D:5)
  6 ufetubi
  A worm (D:5)
  10 dart slugs
  35 orcs
  6 ball pythons
  12 endoplasms
  3 giant cockroaches
  8 goblins
  4 hobgoblins
  2 jackals (D:2)
  10 kobolds
  3 quokkas
  7 bats
  3 frilled lizards
  4 rats
234 creatures vanquished.

Notes
Turn   | Place    | Note
-------+----------+-------------------------------------------
     0 | D:1      | BigPumpCobain the Draconian Shapeshifter began the quest
                  | for the Orb.
     0 | D:1      | Reached XP level 1. HP: 16/16 MP: 1/1
   225 | D:1      | Reached XP level 2. HP: 21/23 MP: 2/2
   502 | D:1      | Reached skill level 4 in Unarmed Combat
   838 | D:2      | Reached XP level 3. HP: 26/28 MP: 3/3
   966 | D:2      | Found a sparkling altar of Nemelex Xobeh.
  1625 | D:2      | Reached XP level 4. HP: 29/35 MP: 4/4
  1650 | D:3      | Reached skill level 5 in Unarmed Combat
  1975 | D:3      | Found Vintul's Armour Shoppe.
  1978 | D:3      | Noticed Terence
  1988 | D:3      | Killed Terence
  2052 | D:3      | Found a runed translucent door.
  2053 | D:3      | Noticed Crazy Yiuf
  2186 | D:3      | Found a runed translucent gate.
  2187 | D:3      | Found a runed translucent gate.
  2187 | D:3      | Found a runed translucent gate.
  2188 | D:3      | Noticed jestert79's ghost (amateur KoHu)
  2188 | D:3      | Noticed Curundu's ghost (amateur MiBe)
  2188 | D:3      | Noticed Curundu's ghost (amateur MiBe)
  2275 | D:3      | Noticed Grinder
  2275 | D:3      | Paralysed by Grinder for 5 turns
  2283 | D:3      | Paralysed by Grinder for 5 turns
  2304 | D:3      | Killed Grinder
  2305 | D:3      | Reached skill level 6 in Unarmed Combat
  2305 | D:3      | Reached XP level 5. HP: 12/40 MP: 5/5
  2305 | D:3      | Reached XP level 6. HP: 14/47 MP: 6/6
  2463 | D:3      | Found an ornate altar of the Wu Jian Council.
  2468 | D:3      | Noticed a spectral centipede
  2468 | D:3      | Noticed a spectral black mamba
  2468 | D:3      | Noticed a spectral cane toad
  2469 | D:3      | Became a worshipper of the Wu Jian Council
  2734 | D:4      | Reached skill level 7 in Unarmed Combat
  2874 | D:4      | Found Gasa Boo's Antique Armour Emporium.
  3197 | D:4      | Your scales start taking on a rich purple colour.
  3197 | D:4      | Reached XP level 7. HP: 48/56 MP: 7/7
  3341 | D:4      | Found a large runed translucent door.
  3342 | D:4      | Found a large runed translucent door.
  3346 | D:4      | Noticed MisterAzrael's ghost (amateur DjFE)
  3490 | D:4      | You fall into a shaft and drop 2 floors!
  3490 | D:6      | Found an opulent altar of Gozag.
  3490 | D:6      | Found a radiant altar of Vehumet.
  3720 | D:6      | Reached * piety under Wu Jian
  4031 | D:5      | Entered Level 5 of the Dungeon
  4043 | D:5      | Got the Catalogue of the Familiar and Corpses
  4059 | D:5      | Reached skill level 8 in Unarmed Combat
  4059 | D:5      | Reached XP level 8. HP: 56/67 MP: 8/8
  4109 | D:5      | Found a glowing golden altar of the Shining One.
  4196 | D:5      | Noticed Prince Ribbit
  4209 | D:5      | Killed Prince Ribbit
  4210 | D:5      | Reached skill level 5 in Fighting
  4210 | D:5      | Reached skill level 5 in Shapeshifting
  4320 | D:5      | Noticed Eustachio
  4330 | D:5      | Killed Eustachio
  4394 | D:5      | Noticed Pikel
  4406 | D:5      | Killed Pikel
  4407 | D:5      | Reached skill level 9 in Unarmed Combat
  4599 | D:4      | Found a staircase to the Ecumenical Temple.
  4672 | D:4      | Killed MisterAzrael's ghost
  4673 | D:4      | Reached XP level 9. HP: 26/78 MP: 9/9
  5780 | D:5      | Found a basalt altar of Yredelemnul.
  6114 | D:6      | Reached ** piety under Wu Jian
  6511 | D:6      | Found a sparkling altar of Nemelex Xobeh.
  7058 | D:7      | Found Imedymok's Assorted Antiques.
  7107 | D:7      | Noticed Maggie
  7123 | D:7      | Killed Maggie
  7124 | D:7      | Reached skill level 10 in Unarmed Combat
  7287 | D:7      | Found Diumuh's General Store.
  7557 | D:7      | Reached XP level 10. HP: 68/89 MP: 10/10
  7983 | D:7      | Paralysed by a hornet for 3 turns
  8713 | D:8      | Reached *** piety under Wu Jian
  9138 | D:8      | Found a snail-covered altar of Cheibriados.
  9528 | D:8      | Found a shadowy altar of Dithmenos.
  9643 | D:8      | Found a blossoming altar of Fedhas.
  9727 | D:8      | Reached skill level 11 in Unarmed Combat
 10227 | D:9      | Noticed Psyche
 10451 | D:9      | Killed Psyche
 10452 | D:9      | Reached skill level 10 in Fighting
 11037 | D:10     | Entered Level 10 of the Dungeon
 11143 | D:9      | Identified the ring "Cyqoerr" {rElec rF+++ Will- AC+4
                  | Stlth+}
 11233 | D:9      | Reached **** piety under Wu Jian
 11325 | D:9      | Found a bloodstained altar of Trog.
 11387 | D:9      | Found a staircase to the Orcish Mines.
 11445 | D:9      | Reached XP level 11. HP: 99/99 MP: 11/11
 11525 | D:10     | Noticed Harold
 11576 | D:10     | Killed Harold
 11790 | D:10     | Noticed Urug
 11799 | D:10     | Mangled by Urug

Illustrated notes

Levels and vault maps discovered:
D:1:      minmay_arrival_radiant_lines, layout_loops_ring,
          amcnicky_mini_corridor_feature, nicolae_kite_square_tiling_tiny,
          nicolae_figureground_pulse
D:2:      layout_rooms, basic_altar, nicolae_eternal_life
D:3:      layout_loops_cross, pdpol_wu_jian_five_deadly_venoms, serial_shops,
          shop, gammafunk_ghost_cemetery, grunt_decor_arrowhead, minivault_23,
          uniq_terence, uniq_grinder, uniq_crazy_yiuf_cottage
D:4:      minmay_door_path, layout_cave_pools, lemuel_temple_firewalk_a,
          ebering_ghost_disaster_area, nicolae_take_the_stairs
D:5:      layout_loops_corners, mainiacjoe_overflow_alcove_2,
          mainiacjoe_overflow_boulevard, uniq_prince_ribbit1, uniq_pikel,
          uniq_eustachio
D:6:      kennysheep_slugbush, layout_layer_cave,
          chequers_temple_overflow_statue_of_worship, nemelex_spade_bored_becter
D:7:      layout_loops_ring, serial_shops, nicolae_shop_real_fake_doors,
          nicolae_shop_overgrown_old_shop, uniq_maggie
D:8:      layout_cave_pools, mainiacjoe_overflow_big_doors, slow_altar_1,
          einodemon_armed_red_devil_minivault
D:9:      layout_cave_pools, mainiacjoe_overflow_small_starburst, david_orc_4,
          serial_rivers, chequers_serial_rivers_micro_b,
          chequers_serial_rivers_micro_d, chequers_serial_rivers_micro_d,
          chequers_serial_rivers_micro_c, chequers_serial_rivers_marsh,
          chequers_serial_rivers_large_a, uniq_psyche
D:10:     layout_stronghold, uniq_urug, uniq_harold, uniq_joseph

Skill      XL: |  1  2  3  4  5  6  7  8  9 10 |
---------------+-------------------------------+-----
Unarmed Combat | 4 6 7 8 9 10 11 | 11.6
Fighting       | 2 4 6 8 10 | 10.3
Shapeshifting  | 4 6 7 9 |  9.1
Dodging        | |  1.7

Action                     |  1- 3 |  4- 6 |  7- 9 | 10-12 || total
---------------------------+-------+-------+-------+-------++-------
  Melee: Unarmed           |   118 |   108 |   267 |   232 ||   725
         Tailslap          |     7 |    11 |    46 |    33 ||    97
         Punch             |     2 |     4 |    18 |    22 ||    46
Ability: Lunge             |       |     8 |    29 |    23 ||    60
         Breathe Dispellin |       |       |    23 |    23 ||    46
         Whirlwind         |       |       |    22 |    25 ||    47
         Wall Jump         |       |       |       |     1 ||     1
    Use: Potion            |       |     3 |       |       ||     3
         Scroll            |       |     1 |     6 |     4 ||    11
   Stab: Sleeping          |     1 |       |     1 |       ||     2
 Armour: Skin              |    57 |    47 |   148 |   165 ||   417
  Dodge: Dodged            |    69 |    49 |   115 |   136 ||   369

Table legend: (Time is in decaauts)
 A = Elapsed time spent in this place.
 B = Non-inter-level travel time spent in this place.
 C = Inter-level travel time spent in this place.
 D = Time resting spent in this place.
 E = Time spent auto-exploring this place.
 F = Levels seen in this place.
 G = Mean time per level.
                   A        B        C        D        E       F      G
               +--------+--------+--------+--------+--------+-----+--------+
         Total |  11768 |  11235 |    533 |   1959 |   7263 |  10 | 1176.8 |
       Dungeon |  11768 |  11235 |    533 |   1959 |   7263 |  10 | 1176.8 |
               +--------+--------+--------+--------+--------+-----+--------+

Top non-repeatable levels by time:
     D:6: 1852 daAuts
     D:9: 1533 daAuts
     D:7: 1524 daAuts
     D:8: 1454 daAuts
     D:5: 1258 daAuts
     D:4: 1234 daAuts
     D:3: 1009 daAuts
     D:2: 811 daAuts
     D:1: 804 daAuts
    D:10: 285 daAuts
